 Dungeon Crawl Stone Soup version 0.25-a0-719-gde951dce62 (webtiles) character file.

Game seed: 16343255772697259027, levelgen mode: deterministic

81 Amnesiac the Gusty (level 4, -8/32 HPs)
             Began as a Gnoll Air Elementalist on Apr 6, 2020.
             Mangled by a goblin
             ... wielding a +2 dagger of electrocution
              (9 damage)
             ... on level 2 of the Dungeon.
             The game lasted 00:01:51 (1353 turns).

Amnesiac the Gusty (Gnoll Air Elementalist)         Turns: 1353, Time: 00:01:51

Health: -8/32      AC:  2    Str: 10    XL:     4   Next: 42%
Magic:  7/11       EV:  8    Int: 18    God:
Gold:   44         SH:  0    Dex: 16    Spells: 8/13 levels left

rFire    . . .     SeeInvis .   a - +2 dagger (drain)
rCold    . . .     Gourm    .   (no shield)
rNeg     . . .     Faith    .   e - +0 robe
rPois    .         Spirit   .   (no helmet)
rElec    .         Reflect  .   (no cloak)
rCorr    .         Harm     .   (no gloves)
MR       .....     Rnd*Tele +   (no boots)
Stlth    +++.......             (no amulet)
HPRegen  0.10/turn              b - ring of teleportation (curse)
MPRegen  0.12/turn              (no ring)

@: very slightly contaminated, held
A: distributed training, fangs 1, strong nose
a: no special abilities


You were on level 2 of the Dungeon.
You were hungry.

You visited 1 branch of the dungeon, and saw 2 of its levels.

You collected 44 gold pieces.

Inventory:

Hand Weapons
 a - a +2 dagger of draining (weapon)
 h - a cursed -3 dagger
Armour
 e - a +0 robe (worn)
Jewellery
 b - a cursed ring of teleportation (left hand)
Scrolls
 d - a scroll of identify {!r}
 g - a scroll of fog {!r, unknown}
Potions
 f - a potion of lignification {!q, unknown}
 i - a potion of might {!q, unknown}
 j - a potion of berserk rage {!q, unknown}
 l - a potion of haste {!q, unknown}
 m - 2 potions of stabbing {!q, unknown}
 n - a potion of magic {!q, unknown}
Comestibles
 c - 4 rations


   Skills:
 + Level 1.1 Fighting
 + Level 1.1 Short Blades
 + Level 1.1 Long Blades
 + Level 1.1 Axes
 + Level 1.1 Maces & Flails
 + Level 1.1 Polearms
 + Level 1.1 Staves
 + Level 1.1 Slings
 + Level 1.1 Bows
 + Level 1.1 Crossbows
 + Level 1.1 Throwing
 + Level 1.1 Armour
 + Level 4.6 Dodging
 + Level 4.2 Stealth
 + Level 1.1 Shields
 + Level 1.1 Unarmed Combat
 + Level 5.0 Spellcasting
 + Level 2.2 Conjurations
 + Level 0.8 Hexes
 + Level 0.8 Charms
 + Level 0.8 Summonings
 + Level 0.8 Necromancy
 + Level 0.8 Translocations
 + Level 0.8 Transmutations
 + Level 0.8 Fire Magic
 + Level 0.8 Ice Magic
 + Level 5.4 Air Magic
 + Level 0.8 Earth Magic
 + Level 0.8 Poison Magic
 + Level 1.2 Invocations
 + Level 1.1 Evocations


You had 8 spell levels left.
You knew the following spells:

 Your Spells              Type           Power        Failure   Level  Hunger
a - Airstrike             Air            ###.......   14%         4    ####...
d - Shock                 Conj/Air       ###.         2%          1    None

Your spell library contained the following spells:

 Spells                   Type           Power        Failure   Level  Hunger
 Swiftness                Chrm/Air       ###.....     5%          2    #......
 Static Discharge         Conj/Air       ###.....     9%          3    ##.....
 Lightning Bolt           Conj/Air       ###.......   58%         5    ######.


Dungeon Overview and Level Annotations

Branches:
Dungeon (2/15)

Altars:


Innate Abilities, Weirdness & Mutations

Your experience applies equally to all skills.
You have very sharp teeth.
Your uncanny sense of smell can sniff out nearby items.


Message History

Confirm with . or Enter, or press ? or * to list all spells.
You can't see any susceptible monsters within range! (Use Z to cast anyway.)
A giant cockroach comes into view.
Casting: Airstrike (safe; 14% risk of failure)
Confirm with . or Enter, or press ? or * to list all spells.
Aiming: Airstrike (safe; 14% risk of failure)
Press: ? - help, Dir - move target cursor, f - giant cockroach
Aim: a giant cockroach (resting)
The air twists around and strikes the giant cockroach!
You kill the giant cockroach!
Found a robe.
Casting: Airstrike (safe; 14% risk of failure)
Confirm with . or Enter, or press ? or * to list all spells.
You can't see any susceptible monsters within range! (Use Z to cast anyway.)
Found a stone staircase leading down.
Casting: Airstrike (safe; 14% risk of failure)
Confirm with . or Enter, or press ? or * to list all spells.
You can't see any susceptible monsters within range! (Use Z to cast anyway.)
You are feeling hungry.
Casting: Airstrike (safe; 14% risk of failure)
Confirm with . or Enter, or press ? or * to list all spells.
You can't see any susceptible monsters within range! (Use Z to cast anyway.)
Found 17 poisoned darts.
Casting: Airstrike (safe; 14% risk of failure)
Confirm with . or Enter, or press ? or * to list all spells.
You can't see any susceptible monsters within range! (Use Z to cast anyway.)
A bat comes into view.
Casting: Airstrike (safe; 14% risk of failure)
Confirm with . or Enter, or press ? or * to list all spells.
Aiming: Airstrike (safe; 14% risk of failure)
Press: ? - help, Dir - move target cursor, f - bat
Aim: a bat (resting)
You miscast Airstrike.
You are very lightly contaminated with residual magic.
You hear a whooshing sound.
You feel strangely unstable.
You are suddenly yanked towards some nearby monsters!
Your surroundings suddenly seem different.
A goblin comes into view.
It is wielding a +2 dagger of electrocution.
A goblin comes into view. It is wielding a +0 club.
A leopard gecko and 4 gnolls come into view.
Unknown command.
The goblin shouts!
The gnoll shouts! x2; The leopard gecko hisses angrily.
The gnoll shouts!
The gnoll throws a throwing net.
The throwing net hits you.
You become entangled in the net!
You see here a throwing net.
You tear a large gash into the net.
The goblin hits you but does no damage.
You struggle against the net.
The leopard gecko bites you. x2
The goblin barely misses you.
You struggle against the net.
The gnoll hits you! The goblin hits you but does no damage.
The leopard gecko bites you.
* * * LOW HITPOINT WARNING * * *
The goblin hits you but does no damage.
You struggle against the net.
The leopard gecko bites you.
* * * LOW HITPOINT WARNING * * *
The gnoll hits you with a +0 whip!
* * * LOW HITPOINT WARNING * * *
The gnoll barely misses you. The goblin hits you with a +0 club.
* * * LOW HITPOINT WARNING * * *
The goblin hits you with a +2 dagger of electrocution.
* * * LOW HITPOINT WARNING * * *
You are electrocuted!
You die...

.. #.# .## #.#
####..### #.#
∆#.......# #.# ##
#.......# #.# .#
#.......##b......#
.#
#.g.....##.......#
...#
#.ggg...##.......#
...#
#g@g.....####(####
#..# #.l......#
#.# ..# #.........
#.# ..< ...######.
#.# ## ....# #
.....# ..##### ###


You could see 4 gnolls, a leopard gecko and 2 goblins.

Vanquished Creatures
  3 adders (D:2)
  2 leopard geckos (D:1)
  5 giant cockroaches
  5 goblins
  11 hobgoblins (D:1)
  6 jackals
  3 kobolds
  7 bats
  3 frilled lizards
  3 rats (D:1)
48 creatures vanquished.

Notes
Turn   | Place    | Note
-------+----------+-------------------------------------------
     0 | D:1      | Amnesiac the Gnoll Air Elementalist began the quest for the
                  | Orb.
     0 | D:1      | Reached XP level 1. HP: 13/13 MP: 6/6
   188 | D:1      | Reached XP level 2. HP: 19/19 MP: 4/7
   273 | D:1      | Reached XP level 3. HP: 11/25 MP: 9/9
   289 | D:1      | Reached skill level 5 in Spellcasting
   586 | D:1      | Reached skill level 1 in Invocations
  1061 | D:2      | Reached skill level 1 in Fighting
  1061 | D:2      | Reached skill level 1 in Short Blades
  1061 | D:2      | Reached skill level 1 in Long Blades
  1061 | D:2      | Reached skill level 1 in Axes
  1061 | D:2      | Reached skill level 1 in Maces & Flails
  1061 | D:2      | Reached skill level 1 in Polearms
  1061 | D:2      | Reached skill level 1 in Staves
  1061 | D:2      | Reached skill level 1 in Slings
  1061 | D:2      | Reached skill level 1 in Bows
  1061 | D:2      | Reached skill level 1 in Crossbows
  1061 | D:2      | Reached skill level 1 in Throwing
  1061 | D:2      | Reached skill level 1 in Armour
  1061 | D:2      | Reached skill level 1 in Shields
  1061 | D:2      | Reached skill level 1 in Unarmed Combat
  1061 | D:2      | Reached skill level 1 in Evocations
  1061 | D:2      | Reached XP level 4. HP: 30/32 MP: 4/11
  1067 | D:2      | Learned a level 4 spell: Airstrike
  1353 | D:2      | HP: 1/32 [goblin/+2 dagger of electrocution (3)]
  1353 | D:2      | Mangled by a goblin

Levels and vault maps discovered:
D:1:      dpeg_arrival_rooms_b, layout_basic
D:2:      layout_basic, first_ration, hangedman_abyss_or_decor_stabs

Skill      XL: |  1  2  3 |
---------------+----------+-----
Conjurations   | 2 |  2.2
Spellcasting   | 5 |  5.0
Invocations    | 1 |  1.2
Fighting       | 1 |  1.1
Short Blades   | 1 |  1.1
Long Blades    | 1 |  1.1
Axes           | 1 |  1.1
Maces & Flails | 1 |  1.1
Polearms       | 1 |  1.1
Staves         | 1 |  1.1
Slings         | 1 |  1.1
Bows           | 1 |  1.1
Crossbows      | 1 |  1.1
Throwing       | 1 |  1.1
Armour         | 1 |  1.1
Shields        | 1 |  1.1
Unarmed Combat | 1 |  1.1
Evocations     | 1 |  1.1
Dodging        | |  4.6
Stealth        | |  4.2
Hexes          | |  0.8
Charms         | |  0.8
Summonings     | |  0.8
Necromancy     | |  0.8
Translocations | |  0.8
Transmutations | |  0.8
Fire Magic     | |  0.8
Ice Magic      | |  0.8
Air Magic      | |  5.4
Earth Magic    | |  0.8
Poison Magic   | |  0.8

Action                   |  1- 3 |  4- 6 || total
-------------------------+-------+-------++-------
Melee: Unarmed           |    21 |       ||    21
       Bite              |     7 |       ||     7
       Dagger            |    77 |     2 ||    79
       Punch             |     1 |       ||     1
 Cast: Shock             |    12 |     1 ||    13
       Airstrike         |       |     6 ||     6
  Use: Scroll            |     1 |       ||     1
 Stab: Distracted        |     1 |       ||     1
  Eat: Chunk             |       |     2 ||     2
Armor: Robe              |    13 |     2 ||    15
Dodge: Dodged            |    98 |     2 ||   100

Table legend:
 A = Non-vault XP
 B = Vault XP
 C = Vault XP percentage of total XP
 D = Non-vault monster count
 E = Vault monster count
 F = Vault count percentage of total count
                 A         B        C        D         E       F
            +---------+---------+-------+---------+---------+-------
      Total |     117 |       0 |   0.0 |      48 |       0 |   0.0
            +---------+---------+-------+---------+---------+-------
        D:1 |      62 |       0 |   0.0 |      35 |       0 |   0.0
        D:2 |      55 |       0 |   0.0 |      13 |       0 |   0.0
            +---------+---------+-------+---------+---------+-------
